| TOP OF THE 1ST |
|
Portland Sea Dogs batting - Pitching for Midland RockHounds : RHP Chad Casey
|
|
Pitching: RHP Chad Casey
|
|
|
Batting: RHB Larry Brocato
|
0-0: Swinging Strike 0-1: Foul Ball, location: 2F 0-2: Foul Ball, location: 2F 0-2: Foul Ball, location: 2F 0-2: Strikes out looking
|
|
Batting: RHB Zi-jing Wang
|
0-0: Called Strike 0-1: Ball 1-1: Swinging Strike 1-2: Strikes out swinging
|
|
Batting: RHB Dave Burwell
|
0-0: Foul Ball, location: 2F 0-1: Ground out 6-3 (Groundball, 6MS, EV 85.6 MPH)
|
| Top of the 1st over - 0 runs, 0 hits, 0 errors, 0 left on base; Portland 0 - Midland 0 |
| BOTTOM OF THE 1ST |
|
Midland RockHounds batting - Pitching for Portland Sea Dogs : LHP Nick Barnes
|
|
Pitching: LHP Nick Barnes
|
|
|
Batting: RHB Micah Roth
|
0-0: Ball 1-0: Foul Ball, location: 2F 1-1: Called Strike 1-2: Strikes out swinging
|
|
Batting: RHB Matt Sherard
|
0-0: Swinging Strike 0-1: Fly out, F7 (Flyball, 78S, EV 80.6 MPH)
|
|
Batting: RHB Travis Robinson
|
0-0: Swinging Strike 0-1: Ball 1-1: Foul Ball, location: 2F 1-2: Foul Ball, location: 2F 1-2: Foul Ball, location: 2F 1-2: Strikes out swinging
|
| Bottom of the 1st over - 0 runs, 0 hits, 0 errors, 0 left on base; Portland 0 - Midland 0 |
| TOP OF THE 2ND |
|
Portland Sea Dogs batting - Pitching for Midland RockHounds : RHP Chad Casey
|
|
Batting: LHB David Moore
|
0-0: Called Strike 0-1: Foul Ball, location: 2F 0-2: Ground out 5-3 (Groundball, 6, EV 85.6 MPH)
|
|
Batting: RHB Travis Campbell
|
0-0: Called Strike 0-1: Called Strike 0-2: Ball 1-2: Ball 2-2: Ground out 5-3 (Groundball, 56, EV 81.9 MPH)
|
|
Batting: RHB Miguel Villanueva
|
0-0: Ball 1-0: Ball 2-0: SINGLE (Line Drive, 9LS, EV 88.1 MPH)
|
|
Batting: LHB Blake Sams
|
0-0: Ball 1-0: Ball 2-0: Ball 3-0: SINGLE (Groundball, 4MD, EV 96.9 MPH) Miguel Villanueva to second
|
|
Batting: RHB Josh Helman
|
0-0: Called Strike 0-1: Ground out 4-3 (Groundball, 4M, EV 98.8 MPH)
|
| Top of the 2nd over - 0 runs, 2 hits, 0 errors, 2 left on base; Portland 0 - Midland 0 |
| BOTTOM OF THE 2ND |
|
Midland RockHounds batting - Pitching for Portland Sea Dogs : LHP Nick Barnes
|
|
Batting: RHB Jonathan Gallup
|
0-0: Ball 1-0: Ball 2-0: Called Strike 2-1: Ball 3-1: Called Strike 3-2: Strikes out swinging, 2-3 out at first.
|
|
Batting: RHB Tony Crespo
|
0-0: Called Strike 0-1: Ball 1-1: Called Strike 1-2: Ball 2-2: Strikes out swinging
|
|
Batting: RHB Todd Vanasco
|
0-0: Ball 1-0: Ball 2-0: Ground out 1-3 (Groundball, 13S, EV 65.6 MPH)
|
| Bottom of the 2nd over - 0 runs, 0 hits, 0 errors, 0 left on base; Portland 0 - Midland 0 |
| TOP OF THE 3RD |
|
Portland Sea Dogs batting - Pitching for Midland RockHounds : RHP Chad Casey
|
|
Batting: SHB Gus Cruz
|
0-0: Ground out 6-3 (Groundball, 56, EV 80.6 MPH)
|
|
Batting: RHB Larry Brocato
|
0-0: Called Strike 0-1: Ball 1-1: Foul Ball, location: 2F 1-2: Strikes out looking
|
|
Batting: RHB Zi-jing Wang
|
0-0: Foul Ball, location: 2F 0-1: Swinging Strike 0-2: Ball 1-2: Strikes out swinging
|
| Top of the 3rd over - 0 runs, 0 hits, 0 errors, 0 left on base; Portland 0 - Midland 0 |
| BOTTOM OF THE 3RD |
|
Midland RockHounds batting - Pitching for Portland Sea Dogs : LHP Nick Barnes
|
|
Batting: RHB Roger Simmons
|
0-0: Ball 1-0: Ball 2-0: Ball 3-0: Called Strike 3-1: Foul Ball, location: 2F 3-2: Foul Ball, location: 2F 3-2: Strikes out swinging
|
|
Batting: RHB David Sharp
|
0-0: Ball 1-0: Ball 2-0: Foul Ball, location: 2F 2-1: Ground out 4-3 (Groundball, 4, EV 85.6 MPH)
|
|
Batting: RHB Manny Moron
|
0-0: Swinging Strike 0-1: Foul Ball, location: 2F 0-2: Ball 1-2: Strikes out looking
|
| Bottom of the 3rd over - 0 runs, 0 hits, 0 errors, 0 left on base; Portland 0 - Midland 0 |
| TOP OF THE 4TH |
|
Portland Sea Dogs batting - Pitching for Midland RockHounds : RHP Chad Casey
|
|
Batting: RHB Dave Burwell
|
0-0: DOUBLE (Flyball, 89XD, EV 90.0 MPH)
|
|
Batting: LHB David Moore
|
0-0: Ground out 6-3 (Groundball, 6, EV 103.1 MPH)
|
|
Batting: RHB Travis Campbell
|
0-0: Called Strike 0-1: Ball 1-1: Ball 2-1: Ball 3-1: Foul Ball, location: 2F 3-2: Fly out, F9 (Flyball, 9D, EV 94.4 MPH) Runner from 2nd tags up, SAFE at 3rd, no throw by RF
|
|
Batting: RHB Miguel Villanueva
|
0-0: Called Strike 0-1: Called Strike 0-2: Ball 1-2: Strikes out looking
|
| Top of the 4th over - 0 runs, 1 hit, 0 errors, 1 left on base; Portland 0 - Midland 0 |
| BOTTOM OF THE 4TH |
|
Midland RockHounds batting - Pitching for Portland Sea Dogs : LHP Nick Barnes
|
|
Batting: RHB Micah Roth
|
0-0: Ball 1-0: Fly out, F9 (Flyball, 89D, EV 107.5 MPH)
|
|
Batting: RHB Matt Sherard
|
0-0: Foul Ball, location: 2F 0-1: Foul Ball, location: 2F 0-2: Fly out, F8 (Line Drive, 8LM, EV 110.6 MPH)
|
|
Batting: RHB Travis Robinson
|
0-0: Fly out, F7 (Flyball, 78S, EV 84.4 MPH)
|
| Bottom of the 4th over - 0 runs, 0 hits, 0 errors, 0 left on base; Portland 0 - Midland 0 |
| TOP OF THE 5TH |
|
Portland Sea Dogs batting - Pitching for Midland RockHounds : RHP Chad Casey
|
|
Batting: LHB Blake Sams
|
0-0: Ball 1-0: Called Strike 1-1: Hit by Pitch
|
|
Batting: RHB Josh Helman
|
0-0: Swinging Strike 0-1: Ball 1-1: DOUBLE (Groundball, 5L, EV 95.0 MPH) Blake Sams to third
|
|
Batting: SHB Gus Cruz
|
0-0: Called Strike 0-1: Called Strike 0-2: SINGLE (Groundball, 4M, EV 105.0 MPH) Blake Sams scores Josh Helman to third
|
|
Batting: RHB Larry Brocato
|
Pickoff Throw to First - Out! 1-3 0-0: Called Strike 0-1: Ball 1-1: Ground out U3 (Groundball, 3, EV 78.8 MPH)
|
|
Batting: RHB Zi-jing Wang
|
0-0: Ball 1-0: Ball 2-0: Ball 3-0: Called Strike 3-1: Called Strike 3-2: Foul Ball, location: 2F 3-2: Strikes out swinging
|
| Top of the 5th over - 1 run, 2 hits, 0 errors, 1 left on base; Portland 1 - Midland 0 |
| BOTTOM OF THE 5TH |
|
Midland RockHounds batting - Pitching for Portland Sea Dogs : LHP Nick Barnes
|
|
Batting: RHB Jonathan Gallup
|
0-0: Called Strike 0-1: Ball 1-1: Ball 2-1: Foul Ball, location: 2F 2-2: Ball 3-2: Foul Ball, location: 2F 3-2: SINGLE (Flyball, 89S, EV 96.2 MPH)
|
|
Batting: RHB Tony Crespo
|
0-0: Called Strike 0-1: Ball 1-1: Ball 2-1: Ground out 5-3 (Groundball, 56, EV 102.5 MPH) Jonathan Gallup to second
|
|
Batting: RHB Todd Vanasco
|
0-0: Foul Ball, location: 2F 0-1: Ball 1-1: Ball 2-1: Swinging Strike 2-2: Ball 3-2: Base on Balls
|
|
Batting: RHB Roger Simmons
|
0-0: Ball 1-0: Ball 2-0: Called Strike 2-1: Foul Ball, location: 2F 2-2: Foul Ball, location: 2F 2-2: Foul Ball, location: 2F 2-2: Foul Ball, location: 2F 2-2: Ball 3-2: Fielders Choice at 2nd, 6-4 (Groundball, 6, EV 86.2 MPH) Jonathan Gallup to third
|
|
Batting: RHB David Sharp
|
0-0: Ball 1-0: Foul Ball, location: 2F 1-1: Ground out U3 (Groundball, 34S, EV 88.8 MPH)
|
| Bottom of the 5th over - 0 runs, 1 hit, 0 errors, 2 left on base; Portland 1 - Midland 0 |
| TOP OF THE 6TH |
|
Portland Sea Dogs batting - Pitching for Midland RockHounds : RHP Chad Casey
|
|
Batting: RHB Dave Burwell
|
0-0: Called Strike 0-1: Ball 1-1: Ball 2-1: Foul Ball, location: 2F 2-2: Foul Ball, location: 2F 2-2: Strikes out swinging
|
|
Batting: LHB David Moore
|
0-0: Foul Ball, location: 2F 0-1: Called Strike 0-2: Foul Ball, location: 2F 0-2: Foul Ball, location: 2F 0-2: Ball 1-2: Ball 2-2: Strikes out looking
|
|
Batting: RHB Travis Campbell
|
0-0: Ground out U3 (Groundball, 3, EV 103.8 MPH)
|
| Top of the 6th over - 0 runs, 0 hits, 0 errors, 0 left on base; Portland 1 - Midland 0 |
| BOTTOM OF THE 6TH |
|
Midland RockHounds batting - Pitching for Portland Sea Dogs : LHP Nick Barnes
|
|
Batting: RHB Manny Moron
|
0-0: Called Strike 0-1: Ground out 6-3 (Groundball, 6, EV 91.2 MPH)
|
|
Batting: RHB Micah Roth
|
0-0: Ground out 5-3 (Groundball, 56S, EV 88.8 MPH)
|
|
Batting: RHB Matt Sherard
|
0-0: Called Strike 0-1: Foul Ball, location: 2F 0-2: Ball 1-2: Strikes out swinging
|
| Bottom of the 6th over - 0 runs, 0 hits, 0 errors, 0 left on base; Portland 1 - Midland 0 |
| TOP OF THE 7TH |
|
Portland Sea Dogs batting - Pitching for Midland RockHounds : RHP Chad Casey
|
|
Batting: RHB Miguel Villanueva
|
0-0: Ball 1-0: Foul Ball, location: 2F 1-1: Ball 2-1: Ground out 6-3 (Groundball, 6M, EV 104.4 MPH)
|
|
Batting: LHB Blake Sams
|
0-0: Ball 1-0: DOUBLE (Groundball, 3L, EV 102.5 MPH)
|
|
Batting: RHB Josh Helman
|
0-0: Ball 1-0: Fly out, F6 (Line Drive, 6, EV 71.9 MPH)
|
|
Batting: SHB Gus Cruz
|
0-0: Called Strike 0-1: Ball 1-1: Ball 2-1: Fly out, F7 (Flyball, 78M, EV 87.5 MPH)
|
| Top of the 7th over - 0 runs, 1 hit, 0 errors, 1 left on base; Portland 1 - Midland 0 |
| BOTTOM OF THE 7TH |
|
Midland RockHounds batting - Pitching for Portland Sea Dogs : LHP Nick Barnes
|
|
Batting: RHB Travis Robinson
|
0-0: Called Strike 0-1: Ball 1-1: Ball 2-1: Foul Ball, location: 2F 2-2: Strikes out looking
|
|
Batting: RHB Jonathan Gallup
|
0-0: Foul Ball, location: 2F 0-1: Called Strike 0-2: Strikes out swinging
|
|
Batting: RHB Tony Crespo
|
0-0: Swinging Strike 0-1: Swinging Strike 0-2: Ball 1-2: Strikes out swinging
|
| Bottom of the 7th over - 0 runs, 0 hits, 0 errors, 0 left on base; Portland 1 - Midland 0 |
| TOP OF THE 8TH |
|
Portland Sea Dogs batting - Pitching for Midland RockHounds : RHP Chad Casey
|
|
Batting: RHB Larry Brocato
|
0-0: Ball 1-0: Ball 2-0: Ball 3-0: Base on Balls
|
|
Pitching: RHP Caleb Hansberger
|
|
|
Batting: RHB Zi-jing Wang
|
0-0: Ball 1-0: Bunt missed! 1-1: Called Strike Larry Brocato steals 2nd, throwing error, E2 Larry Brocato to third 1-2: Fly out, F7 (Flyball, 7S, EV 92.5 MPH)
|
|
Batting: RHB Dave Burwell
|
0-0: 2-RUN HOME RUN (Flyball, 78XD, EV 100.0 MPH), Distance : 399 ft
|
|
Batting: LHB David Moore
|
0-0: Called Strike 0-1: Called Strike 0-2: Ball 1-2: Strikes out swinging
|
|
Batting: RHB Travis Campbell
|
0-0: Ball 1-0: Ground out 1-3 (Groundball, 13, EV 62.5 MPH)
|
| Top of the 8th over - 2 runs, 1 hit, 1 error, 0 left on base; Portland 3 - Midland 0 |
| BOTTOM OF THE 8TH |
|
Midland RockHounds batting - Pitching for Portland Sea Dogs : LHP Nick Barnes
|
|
Pitching: LHP David Schultz
|
|
|
Batting: RHB Todd Vanasco
|
0-0: Ball 1-0: Ball 2-0: Called Strike 2-1: Called Strike 2-2: Strikes out swinging
|
|
Batting: RHB Roger Simmons
|
0-0: Ball 1-0: Foul Ball, location: 2F 1-1: Swinging Strike 1-2: Ball 2-2: Strikes out swinging
|
|
Batting: RHB David Sharp
|
0-0: Ball 1-0: Called Strike 1-1: Ball 2-1: SINGLE (Line Drive, 56, EV 101.9 MPH)
|
|
Batting: RHB Manny Moron
|
0-0: Ball 1-0: Called Strike 1-1: Swinging Strike 1-2: Foul Ball, location: 2F 1-2: Strikes out looking
|
| Bottom of the 8th over - 0 runs, 1 hit, 0 errors, 1 left on base; Portland 3 - Midland 0 |
| TOP OF THE 9TH |
|
Portland Sea Dogs batting - Pitching for Midland RockHounds : RHP Caleb Hansberger
|
|
Batting: RHB Miguel Villanueva
|
0-0: Swinging Strike 0-1: SOLO HOME RUN (Flyball, 78XD, EV 101.2 MPH), Distance : 401 ft
|
|
Batting: LHB Blake Sams
|
0-0: Ground out 6-3 (Groundball, 6, EV 86.9 MPH)
|
|
Batting: RHB Josh Helman
|
0-0: Ball 1-0: Ball 2-0: Ball 3-0: Called Strike 3-1: Ground out 5-3 (Groundball, 56, EV 90.0 MPH)
|
|
Batting: SHB Gus Cruz
|
0-0: Called Strike 0-1: Fly out, F8 (Flyball, 8RS, EV 80.6 MPH)
|
| Top of the 9th over - 1 run, 1 hit, 0 errors, 0 left on base; Portland 4 - Midland 0 |
| BOTTOM OF THE 9TH |
|
Midland RockHounds batting - Pitching for Portland Sea Dogs : LHP David Schultz
|
|
Pitching: RHP Juan Mejia
|
|
|
Batting: RHB Micah Roth
|
0-0: Called Strike 0-1: Swinging Strike 0-2: Ground out 1-3 (Groundball, 25, EV 61.9 MPH)
|
|
Batting: RHB Matt Sherard
|
0-0: Ball 1-0: SINGLE (Line Drive, 9S, EV 98.8 MPH)
|
|
Batting: RHB Travis Robinson
|
0-0: Grounds into double play, 4-6-3 (Groundball, 4, EV 86.9 MPH)
|
| Bottom of the 9th over - 0 runs, 1 hit, 0 errors, 0 left on base; Portland 4 - Midland 0 |
|